 Dungeon Crawl Stone Soup version 0.31-a0-765-g67fe2935dc (webtiles) character file.

Game seed: 16037236295033137016

105 cforsyth the Trooper (level 5, 0/41 HPs)
             Began as a Djinni Delver on Sept 15, 2023.
             Slain by Grinder (6 damage)
             ... on level 4 of the Dungeon.
             The game lasted 00:02:25 (1625 turns).

cforsyth the Trooper (Djinni Delver)                Turns: 1625, Time: 00:02:25

Health: 0/41       AC:  4    Str: 11    XL:     5   Next: 9%
Gold:   55         EV:  9    Int: 13    God:
                   SH:  0    Dex: 15

rFire   + + .        a - +0 falchion
rCold   x . .        (no shield)
rNeg    + . .        b - +0 leather armour
rPois   ∞            l - +0 helmet
rElec   .            (no cloak)
rCorr   .            (no gloves)
SInv    .            (boots unavailable)
Will    .....        (no amulet)
Stlth   ++           k - ring of positive energy
HPRegen 0.26/turn    (no ring)
MPRegen 0.00/turn

%: infuse magic (-1 HP)
@: mighty, flying, constricted
A: sickness immunity, fire resistance 2, cold vulnerability 1, float, innate
caster, HP casting, extra vitality 1
a: no special abilities


You were on level 4 of the Dungeon.
You visited 1 branch of the dungeon, and saw 3 of its levels.

You collected 55 gold pieces.

Inventory:

Hand Weapons
 a - a +0 falchion (weapon)
Armour
 b - a +0 leather armour (worn)
 l - a +0 helmet (worn)
Jewellery
 k - a ring of positive energy (left hand)
Wands
 g - a wand of digging (3)
Scrolls
 c - a scroll of fog
 d - a scroll of revelation
 e - a scroll of fear
 h - a scroll of silence {unknown}
 i - a scroll of blinking {unknown}
 m - a scroll of vulnerability {unknown}
 o - a scroll of amnesia {unknown}
 p - a scroll of teleportation {unknown}
Potions
 f - a potion of haste
 j - a potion of might
 n - a potion of ambrosia {unknown}
 q - a potion of enlightenment {unknown}


   Skills:
 + Level 4.3 Fighting
 - Level 1.7 Long Blades
 - Level 2.1 Dodging
 - Level 4.1 Stealth
 + Level 2.0 Spellcasting
 + Level 2.0 Conjurations
 + Level 2.0 Hexes
   Level 0.0 Charms
 + Level 2.0 Summonings
 + Level 2.0 Necromancy
 + Level 2.0 Translocations
 + Level 2.0 Transmutations
 + Level 2.0 Fire Magic
 + Level 2.0 Ice Magic
 + Level 2.0 Air Magic
 + Level 2.0 Earth Magic
 + Level 2.0 Poison Magic


You knew the following spells:

 Your Spells              Type           Power      Damage    Failure   Level
a - Shock                 Conj/Air       24%        1d4       14%         1
b - Call Imp              Summ           12%        N/A       22%         2
Your spell library was empty.

Dungeon Overview and Level Annotations

Branches:
Dungeon (5/15)
 Temple: D:4-7

Altars:
Dithmenos

Annotations:
D:4 Grinder


Innate Abilities, Weirdness & Mutations

You are immune to sickness and miasma.
You are immune to poison.
Your flesh is very heat resistant. (rF++)
You are vulnerable to cold. (rC-)
You float through the air rather than walking.
You learn spells naturally, not from books.
Your magical power is your life essence.
You have superior vitality. (+4 MHP)


Message History

You resist with significant effort.
Your cerulean imp barely misses Grinder.
The ball python barely misses you. The ball python constricts you.
You closely miss Grinder.
Grinder is heavily wounded.
The orc hits your cerulean imp with a +0 flail.
Grinder gestures at you.
You are unaffected.
Your cerulean imp hits Grinder but does no damage.
The ball python closely misses you. The ball python constricts you.
Grinder hits you.
* * * LOW HITPOINT WARNING * * *
The orc hits your cerulean imp with a +0 flail!
You slash Grinder!
Grinder is almost dead.
The ball python bites you but does no damage.
The ball python constricts you.
Your cerulean imp closely misses the orc.
The orc hits your cerulean imp with a +0 flail!
Your cerulean imp dies!
Your cerulean imp disappears in a puff of smoke!
Grinder hits you but does no damage. The ball python completely misses you.
The ball python constricts you.
You closely miss Grinder.
Grinder is almost dead.
Grinder hits you.
* * * LOW HITPOINT WARNING * * *
You writhe in agony.
* * * LOW HITPOINT WARNING * * *
The ball python bites you.
* * * LOW HITPOINT WARNING * * *
The ball python constricts you.
The ball python's grasp on you weakens, but your attempt to escape fails.
The ball python bites you but does no damage.
The ball python constricts you.
The orc wizard hits you with a +0 dagger.
* * * LOW HITPOINT WARNING * * *
Grinder hits you.
You die...
Grinder says, "Now the real fun starts!"

##.. #. .........# #...
##. ......... #..###
...##....... #..#..
..........>..####....#
#....................
#.#.o.#.#.# ##...###
#.#S5o#.#.####.......
#...@...#.##.......##
###...###.##.#..##.#
#...)......#..##.##
#######...###............
#................#.###.##
.............)[..#.# #...
#.............<.##.# ####
######...#####.##.######
#.........##.......


You could see Grinder, an orc wizard, an orc and a ball python.

Vanquished Creatures
  An orc priest (D:3)
  4 adders
  A worm (D:3)
  5 orcs
  2 ball pythons
  4 endoplasms
  2 goblins
  2 hobgoblins (D:3)
  2 jackals (D:4)
  3 quokkas
  A frilled lizard (D:3)
  2 kobolds
29 creatures vanquished.

Vanquished Creatures (others)
  A human (D:3)
1 creature vanquished.

Grand Total: 30 creatures vanquished

Notes
Turn   | Place    | Note
-------+----------+-------------------------------------------
     0 | D:5      | cforsyth the Djinni Delver began the quest for the Orb.
     0 | D:5      | Reached XP level 1. HP: 20/20 MP: 0/0
    35 | D:5      | HP: 1/20 [white imp/puff of frost (19)]
   284 | D:4      | Reached XP level 2. HP: 21/25 MP: 0/0
   553 | D:3      | Reached skill level 1 in Spellcasting
   553 | D:3      | Reached skill level 1 in Conjurations
   553 | D:3      | Reached skill level 1 in Hexes
   553 | D:3      | Reached skill level 1 in Summonings
   553 | D:3      | Reached skill level 1 in Necromancy
   553 | D:3      | Reached skill level 1 in Translocations
   553 | D:3      | Reached skill level 1 in Transmutations
   553 | D:3      | Reached skill level 1 in Fire Magic
   553 | D:3      | Reached skill level 1 in Ice Magic
   553 | D:3      | Reached skill level 1 in Air Magic
   553 | D:3      | Reached skill level 1 in Earth Magic
   553 | D:3      | Reached skill level 1 in Poison Magic
   696 | D:3      | Reached XP level 3. HP: 30/30 MP: 0/0
   696 | D:3      | Learned a level 1 spell: Shock
   917 | D:3      | Noticed a human
   922 | D:3      | Killed a human
   946 | D:3      | Found a shadowy altar of Dithmenos.
  1127 | D:3      | Reached XP level 4. HP: 31/37 MP: 0/0
  1595 | D:4      | Noticed Grinder
  1610 | D:4      | Reached XP level 5. HP: 35/41 MP: 0/0
  1610 | D:4      | Learned a level 2 spell: Call Imp
  1615 | D:4      | Paralysed by Grinder for 5 turns
  1625 | D:4      | Slain by Grinder

Illustrated notes

Levels and vault maps discovered:
D:3:      layout_basic, tgw_kikubaaqudgha, grunt_dithmenos_smoke
D:4:      layout_loops_cross, kennysheep_slug_shrine, gammafunk_ghost_split,
          eino_small_chamber_without_monster, uniq_blork_the_orc, uniq_menkaure,
          uniq_grinder
D:5:      layout_basic, minmay_temple_entry_mini_moons, serial_rivers,
          chequers_serial_rivers_small_a, chequers_serial_rivers_room_b,
          chequers_serial_rivers_small_b, chequers_serial_rivers_micro_b,
          chequers_serial_rivers_marsh, abandoned_shop, saegor_snake_ambush,
          uniq_prince_ribbit1

Skill      XL: |  1  2  3  4 |
---------------+-------------+-----
Spellcasting   | 1 2 |  2.0
Conjurations   | 1 2 |  2.0
Hexes          | 1 2 |  2.0
Summonings     | 1 2 |  2.0
Necromancy     | 1 2 |  2.0
Translocations | 1 2 |  2.0
Transmutations | 1 2 |  2.0
Fire Magic     | 1 2 |  2.0
Ice Magic      | 1 2 |  2.0
Air Magic      | 1 2 |  2.0
Earth Magic    | 1 2 |  2.0
Poison Magic   | 1 2 |  2.0
Fighting       | 4 |  4.3
Long Blades    | |  1.7
Dodging        | |  2.1
Stealth        | |  4.1

Action                     |  1- 3 |  4- 6 || total
---------------------------+-------+-------++-------
  Melee: Falchion          |    48 |    30 ||    78
   Cast: Shock             |    26 |     4 ||    30
         Call Imp          |       |     1 ||     1
    Use: Potion            |       |     1 ||     1
   Stab: Sleeping          |     1 |     2 ||     3
 Armour: Leather armour    |    39 |    38 ||    77
  Dodge: Dodged            |    38 |    21 ||    59

Table legend: (Time is in decaauts)
 A = Elapsed time spent in this place.
 B = Non-inter-level travel time spent in this place.
 C = Inter-level travel time spent in this place.
 D = Time resting spent in this place.
 E = Time spent auto-exploring this place.
 F = Levels seen in this place.
 G = Mean time per level.
                   A        B        C        D        E       F      G
               +--------+--------+--------+--------+--------+-----+--------+
         Total |   1645 |   1617 |     28 |    442 |    817 |   3 |  548.3 |
       Dungeon |   1645 |   1617 |     28 |    442 |    817 |   3 |  548.3 |
               +--------+--------+--------+--------+--------+-----+--------+

Top non-repeatable levels by time:
     D:3: 999 daAuts
     D:4: 597 daAuts
     D:5: 48 daAuts
